 Dungeon Crawl Stone Soup version 0.31-a0-214-gb37851dbb3 (webtiles) character file.

Game seed: 4496667177081771491

50447 Implojin the Carver (level 14, 76/110 HPs)
             Began as a Human Venom Mage on May 4, 2023.
             Was the Champion of Nemelex Xobeh.
             Quit the game in a Gauntlet on July 1, 2023.
             The game lasted 00:57:07 (21649 turns).

Implojin the Carver (Human Venom Mage)             Turns: 21649, Time: 00:57:08

Health: 76/110     AC: 23    Str: 10    XL:     14   Next: 97%
Magic:  22/22      EV: 17    Int: 15    God:    Nemelex Xobeh [******]
Gold:   1292       SH:  0    Dex: 18    Spells: 16/17 levels left

rFire   . . .        a - +6 falchion of Siequr {heavy, *Noise rC++ rN++}
rCold   + + .        (no shield)
rNeg    + + .        z - +5 ring mail of the Abyss {Harm *Corrode rElec rPois}
rPois   +            S - +2 helmet
rElec   +            G - +1 cloak {Stlth+}
rCorr   .            s - +0 pair of gloves
SInv    .            V - +1 pair of boots
Will    ++...        d - amulet of faith
Stlth   +++++        t - +4 ring of protection
HPRegen 0.38/turn    n - ring of willpower
MPRegen 0.18/turn

%: no teleportation, corrode self (3%), harm (+30% outgoing, +20% incoming),
faith
@: no status effects
A: no striking features
a: Renounce Religion, Draw Escape, Draw Destruction, Draw Summoning, Triple
Draw, Deal Four, Stack Five


You were in a Gauntlet.
You worshipped Nemelex Xobeh.
Nemelex Xobeh was exalted by your worship.
You visited 2 branches of the dungeon, and saw 16 of its levels.
You also visited: Sewer, Bailey, Gauntlet and Ice Cave.

You collected 1453 gold pieces.
You spent 161 gold pieces at shops.

Inventory:

Hand Weapons
 a - the +6 falchion of Siequr (weapon) {heavy, *Noise rC++ rN++}
   (You found it in a bailey)

   rC:        It greatly protects you from cold.
   rN:        It greatly protects you from negative energy.
   *Noise:    It may make noises in combat.
 b - a +5 dagger of venom
Missiles
 u - a throwing net
 y - 5 curare-tipped darts
 B - 6 silver javelins
 D - 20 boomerangs (quivered)
 N - 23 poisoned darts
 W - 3 atropa-tipped darts
 Z - 4 javelins
Armour
 i - a +0 kite shield
 m - +0 steam dragon scales
 s - a +0 pair of gloves (worn)
 z - the +5 ring mail of the Abyss (worn) {Harm *Corrode rElec rPois}
   (You found it on level 7 of the Dungeon)

   rElec:     It insulates you from electricity.
   rPois:     It protects you from poison.
   *Corrode:  It may corrode you when you take damage.
   Harm:      It increases damage dealt and taken.
 G - a +1 cloak of stealth (worn)
 S - a +2 helmet (worn)
 V - a +1 pair of boots (worn)
 X - a +1 leather armour of resistance
Jewellery
 d - an amulet of faith (around neck)
 f - the amulet "Cein" {Reflect Dex+5 SH+5}
   (You found it in a Gauntlet)

   [amulet of reflection]

   It reflects blocked missile attacks.
   Dex:       It affects your dexterity (+5).
   SH:        It affects your SH (+5).
 g - a ring of see invisible
 n - a ring of willpower (right hand)
 r - the ring "Puunguf" {Ice Dex+3 SInv}
   (You found it in an ice cave)

   [ring of ice]

   It enhances your ice magic.
   Dex:       It affects your dexterity (+3).
   rF:        It makes you vulnerable to fire.
   rC:        It protects you from cold.
   SInv:      It lets you see invisible.
 t - a +4 ring of protection (left hand)
 H - a ring of protection from cold
 L - a ring of fire
 U - a ring of resist corrosion
Wands
 h - a wand of polymorph (4)
 p - a wand of digging (6)
 v - a wand of quicksilver (5)
 K - a wand of mindburst (19)
 P - a wand of paralysis (15)
 T - a wand of flame (5)
 Y - a wand of iceblast (14)
Scrolls
 k - 4 scrolls of vulnerability
 q - 6 scrolls of blinking
 w - 5 scrolls of teleportation
 C - a scroll of enchant weapon
 E - 6 scrolls of fog
 M - 2 scrolls of identify
 O - 4 scrolls of fear
Potions
 c - 4 potions of haste
 e - 3 potions of curing
 l - 5 potions of magic
 o - 10 potions of mutation
 x - 2 potions of might
 A - 3 potions of heal wounds
 F - 4 potions of ambrosia
 I - 4 potions of resistance
 J - a potion of cancellation
 Q - a potion of invisibility
 R - 2 potions of enlightenment
Miscellaneous
 j - a phial of floods


   Skills:
 - Level 10.0 Fighting
 - Level 4.0(9.6) Short Blades
 * Level 13.5(13.7) Long Blades
 - Level 2.6 Armour
 - Level 12.4 Dodging
 - Level 8.8 Stealth
 - Level 2.0 Spellcasting
 - Level 1.0 Transmutations
 - Level 3.0 Poison Magic
 - Level 11.5 Invocations
 - Level 3.0 Evocations


You had 16 spell levels left.
You knew the following spells:

 Your Spells              Type           Power      Damage    Failure   Level
a - Sting                 Tmut/Pois      28%        1d4       24%         1

Your spell library contained the following spells:

 Spells                   Type           Power      Damage    Failure   Level
 Beastly Appendage        Tmut           8%         N/A       34%         1
 Poisonous Vapours        Pois/Air       12%        N/A       41%         2
 Wereblood                Tmut           4%         N/A       47%         2
 Passwall                 Tmut/Erth      2%         N/A       54%         2
 Spider Form              Tmut/Pois      7%         N/A       56%         3
 Ensorcelled Hibernation  Hex/Ice        2%         N/A       63%         2
 Mephitic Cloud           Conj/Pois/Air  4%         N/A       71%         3
 Olgreb's Toxic Radiance  Pois           10%        N/A       83%         4
 Gell's Gravitas          Tloc           1%         N/A       85%         3
 Swiftness                Air            1%         N/A       85%         3
 Vhi's Electric Charge    Tloc/Air       2%         N/A       85%         3
 Volatile Blastmotes      Fire/Tloc      2%         2d10      85%         3
 Fulminant Prism          Conj/Hex       0%         3d5       99%         4
 Iskenderun's Mystic Bla  Conj/Tloc      1%         2d3       99%         4
 Leda's Liquefaction      Hex/Erth       0%         N/A       99%         4
 Petrify                  Tmut/Erth      3%         N/A       99%         4
 Arcjolt                  Conj/Air       0%         1d10      100%        5
 Lee's Rapid Deconstruct  Erth           0%         3d4*      100%        5
 Metabolic Englaciation   Hex/Ice        0%         N/A       100%        5
 Summon Mana Viper        Hex/Summ       1%         N/A       100%        5
 Plasma Beam              Fire/Air       0%         2x1d10    100%        6
 Statue Form              Tmut/Erth      2%         N/A       100%        6
 Borgnjor's Revivificati  Necr           0%         N/A       100%        8
 Necromutation            Tmut/Necr      1%         N/A       100%        8
 Death's Door             Necr           0%         N/A       100%        9


Dungeon Overview and Level Annotations

Branches:
Dungeon (11/15)            Temple (0/1) D:5            Lair (5/5) D:8
  Swamp (0/4) Lair:3        Snake (0/4) Lair:2        Slime (0/5) Lair:5
  Sewer (visited)          Bailey (visited)           IceCv (visited)
Gauntlet (1/1)
    Orc: D:9-12

Altars:
Ashenzari
Gozag
Nemelex Xobeh
Uskayaw
Wu Jian
Yredelemnul
Zin
The Shining One

Shops:
D:1 =(*   D:5 (

Annotations:
D:6 exclusion: upstairs Gauntlet 6 transporters


Message History

The minotaur zombie hits you!
The minotaur zombie gores you but does no damage.
You slash the minotaur zombie!
The minotaur zombie is almost destroyed.
The minotaur zombie misses you.
The minotaur zombie completely misses you.
You slash the minotaur zombie!
You destroy the minotaur zombie!
There is an open door here.
P - a wand of paralysis (15) (gained 7 charges)
Y - a wand of iceblast (14) (gained 5 charges)
Your pack is full.
There is a gate leading back out of this place here.
Items here: ))) ? [ |.
Your pack is full.
There is a gate leading back out of this place here.
Items here: ))) ? [ |.
Okay, then.
You drop 2 scrolls of immolation.
C - a scroll of enchant weapon
There is a gate leading back out of this place here.
Items here: ))) [ |.
Okay, then.
Okay, then.
You drop +0 steam dragon scales. m - +0 steam dragon scales
Okay, then.
Search for what [Enter for "icecv", or ? for help]? will+
Okay, then.
Saving game... please wait.
Level annotation: 6 transporters Welcome back, Implojin the Human Venom Mage.
Nemelex Xobeh says: It's all in the cards!
Press ? for a list of commands and other information.
Saving game... please wait.
Level annotation: 6 transporters Welcome back, Implojin the Human Venom Mage.
Nemelex Xobeh says: It's all in the cards!
Press ? for a list of commands and other information.
Are you sure you want to abandon this character and quit the game? (Confirm with "yes".)

##.###.###.###
#.............#
#.###.###.###.#
#.............#
#######[#######
###.## #.∩..###
###...⌠'.#
#.'⌠@?.###
###..⌠.# ###'##
#.# ###


There were no monsters in sight!

Vanquished Creatures
  A shadow dragon (Lair:4)
  An orc warlord (Bailey)
  A minotaur (Gauntlet)
  A bunyip (Lair:4)
  3 hydras
  Erolcha (D:10)
  A boulder beetle (D:11)
  A two-headed ogre (D:9)
  2 death yaks (Lair:4)
  Urug (D:10)
  Sonja (Lair:3)
  A manticore (D:11)
  A cyclops (D:11)
  2 ice statues (IceCv)
  2 black mambas (Lair:3)
  2 rime drakes (IceCv)
  7 cane toads
  2 minotaur zombies (Gauntlet)
  4 komodo dragons
  4 hornets
  3 large abominations (Gauntlet)
  2 polar bears
  4 trolls
  A raiju (Gauntlet)
  3 blink frogs
  2 wyverns
  2 wraiths
  2 shadows
  A hog (Lair:2)
  35 yaks
  2 steam dragons (Gauntlet)
  2 basilisks
  Grum (D:8)
  3 vampire mosquitoes (D:11)
  2 nagas (Lair:2)
  12 water moccasins
  Duvessa (D:5)
  9 orc warriors
  2 ogres
  A sky beast (D:6)
  5 ice beasts
  A tengu (Lair:2)
  3 black bears
  5 centaurs
  2 wolves
  Blork the orc (D:5)
  7 bullfrogs
  3 scorpions
  13 wights
  5 small abominations (Gauntlet)
  Dowan (D:5)
  34 killer bees
  2 lindwurm simulacra (IceCv)
  2 electric eels (Lair:2)
  A howler monkey (D:7)
  6 komodo dragon simulacra (IceCv)
  A jelly (Lair:2)
  4 orc priests
  3 hounds
  An iguana (D:5)
  A sleepcap (D:6)
  18 orc wizards
  12 gnolls
  6 adders
  4 acid dragon simulacra (IceCv)
  3 white imps
  An ufetubus (D:5)
  8 steam dragon simulacra (IceCv)
  7 worms
  40 orcs
  9 bats
  3 endoplasms
  2 giant cockroaches
  22 goblins
  7 hobgoblins
  4 jackals
  3 quokkas
  7 ball pythons
  5 frilled lizards
  A frilled lizard (shapeshifter) (D:8)
  3 kobolds
  4 rats
  A spectral orc (D:5)
400 creatures vanquished.

Vanquished Creatures (collateral kills)
  An ice dragon (IceCv)
  4 death yaks
  2 black mambas
  A cane toad (Lair:2)
  2 rime drakes (IceCv)
  A queen bee (Lair:1)
  4 blink frogs (Lair:1)
  A wyvern (D:8)
  A human (shapeshifter) (D:8)
  11 yaks
  A human (Lair:4)
  2 basilisks (D:8)
  A naga (Lair:4)
  A black bear (D:8)
  5 orc warriors (Bailey)
  6 wolves
  3 wights (D:8)
  2 killer bees (Lair:1)
  A komodo dragon simulacrum (IceCv)
  3 orc priests (D:8)
  4 gnolls (Bailey)
  5 orcs
  4 goblins (Bailey)
  2 hobgoblins (Bailey)
68 creatures vanquished.

Vanquished Creatures (others)
  3 humans (Lair:4)
3 creatures vanquished.

Grand Total: 471 creatures vanquished

Notes
Turn   | Place    | Note
-------+----------+-------------------------------------------
     0 | D:1      | Implojin the Human Venom Mage began the quest for the Orb.
     0 | D:1      | Reached XP level 1. HP: 13/13 MP: 3/3
    96 | D:1      | Found Eseuciaf's Weapon Emporium.
   187 | D:1      | Reached skill level 1 in Fighting
   250 | D:1      | Reached XP level 2. HP: 21/21 MP: 1/5
   412 | D:1      | Found Jeymoll's Assorted Antiques.
   576 | D:1      | Reached skill level 1 in Short Blades
   576 | D:1      | Reached XP level 3. HP: 24/27 MP: 0/6
   663 | D:1      | Got the Compendium of Fascination and Dislocation
   725 | D:1      | Found Pugodotu's Jewellery Boutique.
   906 | D:2      | Danger: gnoll |T3| Reason: Quivering throwing nets, watch
                  | out!
  1185 | D:2      | Danger: gnoll |T3| Reason: Quivering throwing nets, watch
                  | out!
  1186 | D:2      | Danger: gnoll |T3| Reason: Quivering throwing nets, watch
                  | out!
  1187 | D:2      | Danger: gnoll |T3| Reason: Quivering throwing nets, watch
                  | out!
  1188 | D:2      | Danger: gnoll |T3| Reason: Quivering throwing nets, watch
                  | out!
  1189 | D:2      | Danger: gnoll |T3| Reason: Quivering throwing nets, watch
                  | out!
  1191 | D:2      | Danger: gnoll |T3| Reason: Quivering throwing nets, watch
                  | out!
  1205 | D:2      | Danger: Low HP Warning |T2| Reason: 37% HP (10/27)
  1206 | D:2      | Danger: Low HP Warning |T2| Reason: 40% HP (11/27)
  1207 | D:2      | Danger: Low HP Warning |T2| Reason: 40% HP (11/27)
  1208 | D:2      | Danger: Low HP Warning |T2| Reason: 40% HP (11/27)
  1209 | D:2      | Danger: Low HP Warning |T2| Reason: 40% HP (11/27)
  1210 | D:2      | Danger: Low HP Warning |T2| Reason: 44% HP (12/27)
  1211 | D:2      | Danger: Low HP Warning |T2| Reason: 44% HP (12/27)
  1212 | D:2      | Danger: Low HP Warning |T2| Reason: 44% HP (12/27)
  1213 | D:2      | Danger: Low HP Warning |T2| Reason: 44% HP (12/27)
  1215 | D:2      | Danger: Low HP Warning |T2| Reason: 48% HP (13/27)
  1216 | D:2      | Danger: Low HP Warning |T2| Reason: 48% HP (13/27)
  1217 | D:2      | Danger: Low HP Warning |T2| Reason: 48% HP (13/27)
  1218 | D:2      | Danger: Low HP Warning |T2| Reason: 48% HP (13/27)
  1219 | D:2      | Danger: Low HP Warning |T2| Reason: 51% HP (14/27)
  1220 | D:2      | Danger: Low HP Warning |T2| Reason: 51% HP (14/27)
  1221 | D:2      | Danger: Low HP Warning |T2| Reason: 51% HP (14/27)
  1222 | D:2      | Danger: Low HP Warning |T2| Reason: 51% HP (14/27)
  1223 | D:2      | Danger: Low HP Warning |T2| Reason: 55% HP (15/27)
  1225 | D:2      | Danger: Low HP Warning |T2| Reason: 55% HP (15/27)
  1226 | D:2      | Danger: Low HP Warning |T2| Reason: 55% HP (15/27)
  1227 | D:2      | Danger: Low HP Warning |T2| Reason: 59% HP (16/27)
  1228 | D:2      | Danger: Low HP Warning |T2| Reason: 59% HP (16/27)
  1229 | D:2      | Danger: Low HP Warning |T2| Reason: 59% HP (16/27)
  1230 | D:2      | Danger: Low HP Warning |T2| Reason: 59% HP (16/27)
  1285 | D:2      | Reached XP level 4. HP: 22/34 MP: 3/7
  1618 | D:2      | Found a broken altar of Ashenzari.
  2015 | D:3      | Danger: orc |T2| Reason: Quivering boomerangs, careful!
  2107 | D:3      | Danger: orc |T2| Reason: Quivering boomerangs, careful!
  2123 | D:3      | Danger: Low HP Warning |T2| Reason: 57% HP (20/35)
  2124 | D:3      | Reached XP level 5. HP: 23/41 MP: 0/8
  2124 | D:3      | Danger: Low HP Warning |T2| Reason: 56% HP (23/41)
  2125 | D:3      | Danger: Low HP Warning |T2| Reason: 58% HP (24/41)
  2130 | D:3      | Danger: Low HP Warning |T2| Reason: 60% HP (25/41)
  2131 | D:3      | Danger: Low HP Warning |T2| Reason: 60% HP (25/41)
  2132 | D:3      | Danger: Low HP Warning |T2| Reason: 41% HP (17/41)
  2133 | D:3      | Danger: Low HP Warning |T2| Reason: 43% HP (18/41)
  2134 | D:3      | Danger: Low HP Warning |T2| Reason: 43% HP (18/41)
  2136 | D:3      | Danger: Low HP Warning |T2| Reason: 43% HP (18/41)
  2137 | D:3      | Danger: Low HP Warning |T2| Reason: 46% HP (19/41)
  2229 | D:3      | Danger: Low HP Warning |T2| Reason: 58% HP (24/41)
  2230 | D:3      | Danger: Low HP Warning |T2| Reason: 58% HP (24/41)
  2430 | D:3      | Danger: Low HP Warning |T2| Reason: 52% HP (22/42)
  2431 | D:3      | Danger: Low HP Warning |T2| Reason: 52% HP (22/42)
  2432 | D:3      | Danger: Low HP Warning |T2| Reason: 52% HP (22/42)
  2433 | D:3      | Danger: Low HP Warning |T2| Reason: 52% HP (22/42)
  2544 | D:3      | Danger: orc priest |T2| Reason: OOD monster, careful!
  2544 | D:3      | Danger: orc priest |T2| Reason: Electrocution weapon and no
                  | rElec!
  2544 | D:3      | Danger: orc priest |T2| Reason: OOD monster, careful!
  2609 | D:3      | Danger: orc priest |T2| Reason: OOD monster, careful!
  2609 | D:3      | Danger: orc priest |T2| Reason: Electrocution weapon and no
                  | rElec!
  2609 | D:3      | Danger: orc priest |T2| Reason: OOD monster, careful!
  2616 | D:3      | Danger: orc priest |T2| Reason: Electrocution weapon and no
                  | rElec!
  2616 | D:3      | Danger: orc priest |T2| Reason: OOD monster, careful!
  2621 | D:3      | Danger: orc priest |T2| Reason: Electrocution weapon and no
                  | rElec!
  2621 | D:3      | Danger: orc priest |T2| Reason: OOD monster, careful!
  2650 | D:3      | Danger: orc priest |T2| Reason: OOD monster, careful!
  2662 | D:3      | Danger: orc priest |T2| Reason: OOD monster, careful!
  2710 | D:3      | Danger: orc priest |T2| Reason: OOD monster, careful!
  2729 | D:3      | Danger: orc priest |T2| Reason: OOD monster, careful!
  2776 | D:3      | Danger: orc priest |T2| Reason: OOD monster, careful!
  2777 | D:3      | Danger: Low HP Warning |T2| Reason: 59% HP (25/42)
  2778 | D:3      | Danger: Low HP Warning |T2| Reason: 59% HP (25/42)
  2779 | D:3      | Danger: Low HP Warning |T2| Reason: 59% HP (25/42)
  2780 | D:3      | Reached XP level 6. HP: 30/49 MP: 5/9
  2856 | D:3      | Found an opulent altar of Gozag.
  3265 | D:1      | Bought a scroll labelled DIT FEIXKEROJ for 23 gold pieces
  3265 | D:1      | Bought a scroll labelled DIT FEIXKEROJ for 23 gold pieces
  3265 | D:1      | Bought a copper ring for 115 gold pieces
  3333 | D:3      | Danger: Low HP Warning |T2| Reason: 53% HP (26/49)
  3515 | D:4      | Found a sparkling altar of Nemelex Xobeh.
  3573 | D:4      | Became a worshipper of Nemelex Xobeh the Trickster
  3833 | D:4      | Danger: orc priest |T2| Reason: OOD monster, careful!
  3834 | D:4      | Danger: orc wizard |T2| Reason: OOD monster, careful!
  3835 | D:4      | Danger: orc priest |T2| Reason: OOD monster, careful!
  3839 | D:4      | Danger: orc wizard |T2| Reason: OOD monster, careful!
  3912 | D:4      | Danger: orc wizard |T2| Reason: OOD monster, careful!
  3919 | D:4      | Danger: Low HP Warning |T2| Reason: 57% HP (28/49)
  4065 | D:4      | Danger: orc priest |T2| Reason: OOD monster, careful!
  4067 | D:4      | Danger: orc priest |T2| Reason: OOD monster, careful!
  4068 | D:4      | Found a glowing golden altar of the Shining One.
  4069 | D:4      | Danger: orc priest |T2| Reason: OOD monster, careful!
  4187 | D:5      | Entered Level 5 of the Dungeon
  4230 | D:5      | Noticed Blork the orc
  4231 | D:5      | Danger: Blork the orc |T2| Reason: Unique monster, careful!
  4232 | D:5      | Killed Blork the orc
  4233 | D:5      | Reached skill level 1 in Invocations
  4233 | D:5      | Reached XP level 7. HP: 55/55 MP: 10/10
  4337 | D:5      | Noticed Dowan
  4338 | D:5      | Danger: Dowan |T2| Reason: Unique monster, careful!
  4342 | D:5      | Killed Dowan
  4342 | D:5      | Noticed Duvessa
  4343 | D:5      | Danger: Duvessa |T2| Reason: Unique monster, careful!
  4345 | D:5      | Danger: Low HP Warning |T2| Reason: 54% HP (30/55)
  4345 | D:5      | Killed Duvessa
  4496 | D:5      | Reached * piety under Nemelex Xobeh
  4744 | D:5      | Received a gift from Nemelex Xobeh
  4948 | D:5      | Found a staircase to the Ecumenical Temple.
  4962 | D:5      | Reached skill level 5 in Invocations
  4962 | D:5      | Reached XP level 8. HP: 51/61 MP: 8/11
  5183 | D:5      | Found Gigebreg's Antique Weapon Boutique.
  5611 | D:5      | Noticed a two-headed ogre
  5611 | D:5      | Noticed a yak
  5612 | D:5      | Danger: two-headed ogre |T2| Reason: OOD monster, careful!
  5612 | D:5      | Danger: yak |T2| Reason: OOD monster, careful!
  5673 | D:5      | Danger: two-headed ogre |T2| Reason: OOD monster, careful!
  5673 | D:5      | Danger: yak |T2| Reason: OOD monster, careful!
  5681 | D:5      | Danger: yak |T2| Reason: OOD monster, careful!
  5682 | D:5      | Danger: two-headed ogre |T2| Reason: OOD monster, careful!
  5684 | D:5      | Danger: two-headed ogre |T2| Reason: OOD monster, careful!
  5697 | D:5      | Danger: yak |T2| Reason: OOD monster, careful!
  5699 | D:5      | Danger: two-headed ogre |T2| Reason: OOD monster, careful!
  5722 | D:6      | Reached ** piety under Nemelex Xobeh
  5772 | D:6      | Found a glowing drain.
  5814 | Sewer    | Entered a sewer
  5873 | Sewer    | Noticed Pargi
  5874 | Sewer    | Danger: Pargi |T2| Reason: Unique monster, careful!
  5874 | Sewer    | Pargi changed into Pargi the ogre
  5874 | Sewer    | Noticed Pargi
  5881 | Sewer    | Killed Pargi the ogre
  6413 | D:6      | Danger: Low HP Warning |T2| Reason: 53% HP (32/60)
  6414 | D:6      | Danger: Low HP Warning |T2| Reason: 32% HP (19/58)
  6415 | D:6      | Danger: Low HP Warning |T2| Reason: 32% HP (19/58)
  6416 | D:6      | Danger: Low HP Warning |T2| Reason: 32% HP (19/58)
  6910 | D:5      | Danger: yak |T2| Reason: OOD monster, careful!
  6924 | D:5      | Killed a yak
  6925 | D:5      | Reached skill level 5 in Fighting
  6925 | D:5      | Reached XP level 9. HP: 66/68 MP: 14/14
  6968 | D:5      | Found a basalt altar of Yredelemnul.
  7389 | D:6      | Reached skill level 5 in Dodging
  7395 | D:6      | Received a gift from Nemelex Xobeh
  7949 | D:7      | Found a hide-covered altar of Uskayaw.
  7950 | D:7      | Danger: orc warrior |T2| Reason: Quivering boomerangs,
                  | careful!
  7952 | D:7      | Received a gift from Nemelex Xobeh
  7981 | D:7      | Identified the +5 ring mail of the Abyss {Harm *Corrode
                  | rElec rPois}
  8324 | D:7      | Found an ornate altar of the Wu Jian Council.
  8350 | D:7      | Reached *** piety under Nemelex Xobeh
  8367 | D:7      | Danger: Low HP Warning |T2| Reason: 57% HP (39/68)
  8454 | D:7      | Danger: Low HP Warning |T2| Reason: 54% HP (37/68)
  8561 | D:7      | Reached skill level 5 in Stealth
  8816 | D:7      | Received a gift from Nemelex Xobeh
  8883 | D:8      | Noticed a hornet
  8884 | D:8      | Danger: hornet |T3| Reason: AF_POISON_PARALYSE and no rPois
  8885 | D:8      | Danger: hornet |T3| Reason: AF_POISON_PARALYSE and no rPois
  8886 | D:8      | Danger: hornet |T3| Reason: AF_POISON_PARALYSE and no rPois
  8902 | D:8      | Killed a hornet
  8903 | D:8      | Reached XP level 10. HP: 70/74 MP: 15/15
  9009 | D:8      | Danger: shapeshifter |T2| Reason: OOD monster, careful!
  9009 | D:8      | Danger: shapeshifter |T2| Reason: OOD monster, careful!
  9009 | D:8      | Danger: basilisk |T3| Reason: Petrify and low Will
  9009 | D:8      | Danger: basilisk |T2| Reason: OOD monster, careful!
  9010 | D:8      | Danger: basilisk |T3| Reason: Petrify and low Will
  9011 | D:8      | Danger: basilisk |T3| Reason: Petrify and low Will
  9012 | D:8      | Danger: basilisk |T3| Reason: Petrify and low Will
  9013 | D:8      | Danger: basilisk |T3| Reason: Petrify and low Will
  9013 | D:8      | Danger: Low HP Warning |T2| Reason: 51% HP (38/74)
  9014 | D:8      | Danger: Low HP Warning |T2| Reason: 52% HP (39/74)
  9015 | D:8      | Danger: Low HP Warning |T2| Reason: 48% HP (36/74)
  9016 | D:8      | Danger: Low HP Warning |T2| Reason: 32% HP (24/74)
  9017 | D:8      | Danger: golden eye shaped shifter |T2| Reason: Confusion
                  | Gaze and low Will
  9017 | D:8      | Danger: Low HP Warning |T2| Reason: 32% HP (24/74)
  9018 | D:8      | Danger: Low HP Warning |T3| Reason: 17% HP (13/74)
  9019 | D:8      | Danger: Low HP Warning |T2| Reason: 32% HP (24/74)
  9020 | D:8      | Danger: Low HP Warning |T2| Reason: 32% HP (24/74)
  9021 | D:8      | Danger: Low HP Warning |T2| Reason: 33% HP (25/74)
  9022 | D:8      | Danger: Low HP Warning |T2| Reason: 33% HP (25/74)
  9023 | D:8      | Danger: Low HP Warning |T2| Reason: 33% HP (25/74)
  9486 | D:8      | Noticed Grum
  9487 | D:8      | Danger: Grum |T2| Reason: Unique monster, careful!
  9491 | D:8      | Danger: Grum |T2| Reason: Unique monster, careful!
  9501 | D:8      | Danger: Low HP Warning |T2| Reason: 54% HP (40/74)
  9502 | D:8      | Danger: Low HP Warning |T2| Reason: 54% HP (40/74)
  9503 | D:8      | Danger: Low HP Warning |T2| Reason: 35% HP (26/74)
  9504 | D:8      | Danger: Low HP Warning |T2| Reason: 35% HP (26/74)
  9505 | D:8      | Danger: Low HP Warning |T2| Reason: 35% HP (26/74)
  9506 | D:8      | Danger: Low HP Warning |T2| Reason: 35% HP (26/74)
  9507 | D:8      | Danger: Low HP Warning |T2| Reason: 36% HP (27/74)
  9508 | D:8      | Danger: Low HP Warning |T2| Reason: 36% HP (27/74)
  9509 | D:8      | Danger: Low HP Warning |T2| Reason: 36% HP (27/74)
  9510 | D:8      | Danger: Low HP Warning |T2| Reason: 37% HP (28/74)
  9511 | D:8      | Danger: Low HP Warning |T2| Reason: 35% HP (26/74)
  9511 | D:8      | Killed Grum
  9512 | D:8      | Danger: Low HP Warning |T2| Reason: 35% HP (26/74)
  9513 | D:8      | Danger: Low HP Warning |T2| Reason: 36% HP (27/74)
  9514 | D:8      | Danger: Low HP Warning |T3| Reason: 25% HP (19/74)
  9515 | D:8      | Danger: Low HP Warning |T3| Reason: 25% HP (19/74)
  9516 | D:8      | Danger: Low HP Warning |T2| Reason: 27% HP (20/74)
  9517 | D:8      | Danger: Low HP Warning |T2| Reason: 27% HP (20/74)
  9518 | D:8      | Danger: Low HP Warning |T2| Reason: 27% HP (20/74)
  9519 | D:8      | Danger: Low HP Warning |T2| Reason: 28% HP (21/74)
  9520 | D:8      | Danger: Low HP Warning |T2| Reason: 28% HP (21/74)
  9521 | D:8      | Danger: Low HP Warning |T2| Reason: 28% HP (21/74)
  9522 | D:8      | Danger: Low HP Warning |T2| Reason: 28% HP (21/74)
  9523 | D:8      | Danger: Low HP Warning |T2| Reason: 29% HP (22/74)
  9524 | D:8      | Danger: Low HP Warning |T2| Reason: 29% HP (22/74)
  9525 | D:8      | Danger: Low HP Warning |T2| Reason: 29% HP (22/74)
  9526 | D:8      | Danger: Low HP Warning |T2| Reason: 31% HP (23/74)
  9529 | D:8      | Danger: Low HP Warning |T2| Reason: 32% HP (24/74)
  9530 | D:8      | Danger: Low HP Warning |T2| Reason: 32% HP (24/74)
  9531 | D:8      | Danger: Low HP Warning |T2| Reason: 32% HP (24/74)
  9532 | D:8      | Danger: Low HP Warning |T2| Reason: 33% HP (25/74)
  9533 | D:8      | Danger: Low HP Warning |T2| Reason: 33% HP (25/74)
  9534 | D:8      | Danger: Low HP Warning |T2| Reason: 33% HP (25/74)
  9535 | D:8      | Danger: Low HP Warning |T2| Reason: 35% HP (26/74)
  9536 | D:8      | Danger: Low HP Warning |T2| Reason: 35% HP (26/74)
  9537 | D:8      | Danger: Low HP Warning |T2| Reason: 35% HP (26/74)
  9538 | D:8      | Danger: Low HP Warning |T2| Reason: 36% HP (27/74)
  9539 | D:8      | Danger: Low HP Warning |T2| Reason: 36% HP (27/74)
  9541 | D:8      | Danger: Low HP Warning |T2| Reason: 37% HP (28/74)
  9542 | D:8      | Danger: Low HP Warning |T2| Reason: 37% HP (28/74)
  9543 | D:8      | Danger: Low HP Warning |T2| Reason: 37% HP (28/74)
  9544 | D:8      | Danger: Low HP Warning |T2| Reason: 39% HP (29/74)
  9546 | D:8      | Danger: Low HP Warning |T2| Reason: 39% HP (29/74)
  9547 | D:8      | Danger: Low HP Warning |T2| Reason: 39% HP (29/74)
  9548 | D:8      | Danger: Low HP Warning |T2| Reason: 40% HP (30/74)
  9549 | D:8      | Danger: Low HP Warning |T2| Reason: 40% HP (30/74)
  9550 | D:8      | Danger: Low HP Warning |T2| Reason: 40% HP (30/74)
  9551 | D:8      | Danger: Low HP Warning |T2| Reason: 41% HP (31/74)
  9552 | D:8      | Danger: Low HP Warning |T2| Reason: 41% HP (31/74)
  9553 | D:8      | Danger: Low HP Warning |T2| Reason: 41% HP (31/74)
  9554 | D:8      | Danger: Low HP Warning |T2| Reason: 43% HP (32/74)
  9555 | D:8      | Danger: Low HP Warning |T2| Reason: 43% HP (32/74)
  9557 | D:8      | Danger: Low HP Warning |T2| Reason: 44% HP (33/74)
  9558 | D:8      | Danger: Low HP Warning |T2| Reason: 44% HP (33/74)
  9559 | D:8      | Danger: Low HP Warning |T2| Reason: 44% HP (33/74)
  9560 | D:8      | Danger: Low HP Warning |T2| Reason: 45% HP (34/74)
  9561 | D:8      | Danger: Low HP Warning |T2| Reason: 45% HP (34/74)
  9562 | D:8      | Danger: Low HP Warning |T2| Reason: 45% HP (34/74)
  9563 | D:8      | Danger: Low HP Warning |T2| Reason: 47% HP (35/74)
  9565 | D:8      | Danger: Low HP Warning |T2| Reason: 47% HP (35/74)
  9566 | D:8      | Danger: Low HP Warning |T2| Reason: 48% HP (36/74)
  9567 | D:8      | Danger: Low HP Warning |T2| Reason: 48% HP (36/74)
  9568 | D:8      | Danger: Low HP Warning |T2| Reason: 48% HP (36/74)
  9570 | D:8      | Danger: Low HP Warning |T2| Reason: 50% HP (37/74)
  9571 | D:8      | Danger: Low HP Warning |T2| Reason: 50% HP (37/74)
  9573 | D:8      | Danger: Low HP Warning |T2| Reason: 51% HP (38/74)
  9574 | D:8      | Danger: Low HP Warning |T2| Reason: 51% HP (38/74)
  9575 | D:8      | Danger: Low HP Warning |T2| Reason: 51% HP (38/74)
  9576 | D:8      | Danger: Low HP Warning |T2| Reason: 52% HP (39/74)
  9577 | D:8      | Danger: Low HP Warning |T2| Reason: 52% HP (39/74)
  9578 | D:8      | Danger: Low HP Warning |T2| Reason: 52% HP (39/74)
  9858 | D:8      | Danger: basilisk |T3| Reason: Petrify and low Will
  9858 | D:8      | Danger: basilisk |T2| Reason: OOD monster, careful!
  9858 | D:8      | Found a staircase to the Lair.
  9858 | D:8      | Noticed a death yak
  9859 | D:8      | Danger: basilisk |T3| Reason: Petrify and low Will
  9876 | D:8      | Killed a death yak
  9893 | D:8      | Danger: basilisk |T3| Reason: Petrify and low Will
  9893 | D:8      | Danger: basilisk |T2| Reason: OOD monster, careful!
  9894 | D:8      | Danger: basilisk |T3| Reason: Petrify and low Will
  9895 | D:8      | Danger: basilisk |T3| Reason: Petrify and low Will
  9896 | D:8      | Danger: basilisk |T3| Reason: Petrify and low Will
  9919 | D:8      | Danger: basilisk |T3| Reason: Petrify and low Will
  9919 | D:8      | Danger: basilisk |T2| Reason: OOD monster, careful!
  9920 | D:8      | Danger: basilisk |T3| Reason: Petrify and low Will
  9921 | D:8      | Danger: basilisk |T3| Reason: Petrify and low Will
  9922 | D:8      | Danger: basilisk |T3| Reason: Petrify and low Will
  9923 | D:8      | Danger: basilisk |T3| Reason: Petrify and low Will
  9924 | D:8      | Danger: basilisk |T3| Reason: Petrify and low Will
 10014 | D:8      | Received a gift from Nemelex Xobeh
 10047 | D:8      | Danger: Low HP Warning |T2| Reason: 48% HP (38/79)
 10048 | D:8      | Danger: Low HP Warning |T2| Reason: 48% HP (38/79)
 10049 | D:8      | Danger: Low HP Warning |T2| Reason: 48% HP (38/79)
 10051 | D:8      | Danger: Low HP Warning |T2| Reason: 48% HP (39/80)
 10052 | D:8      | Danger: Low HP Warning |T2| Reason: 50% HP (40/80)
 10053 | D:8      | Danger: Low HP Warning |T2| Reason: 50% HP (40/80)
 10054 | D:8      | Danger: Low HP Warning |T2| Reason: 50% HP (40/80)
 10055 | D:8      | Danger: Low HP Warning |T2| Reason: 51% HP (41/80)
 10056 | D:8      | Danger: Low HP Warning |T2| Reason: 51% HP (41/80)
 10057 | D:8      | Danger: Low HP Warning |T2| Reason: 51% HP (41/80)
 10261 | D:8      | Reached **** piety under Nemelex Xobeh
 10445 | D:9      | Noticed a two-headed ogre
 10455 | D:9      | Killed a two-headed ogre
 10456 | D:9      | Reached XP level 11. HP: 87/87 MP: 16/16
 10527 | D:9      | Danger: Low HP Warning |T2| Reason: 57% HP (52/90)
 10528 | D:9      | Danger: Low HP Warning |T2| Reason: 57% HP (52/90)
 10529 | D:9      | Danger: Low HP Warning |T2| Reason: 55% HP (50/90)
 10530 | D:9      | Danger: Low HP Warning |T2| Reason: 55% HP (50/90)
 10531 | D:9      | Danger: Low HP Warning |T2| Reason: 55% HP (50/90)
 10532 | D:9      | Danger: Low HP Warning |T2| Reason: 56% HP (51/90)
 10533 | D:9      | Danger: Low HP Warning |T2| Reason: 56% HP (51/90)
 10534 | D:9      | Danger: Low HP Warning |T2| Reason: 56% HP (51/90)
 10535 | D:9      | Danger: Low HP Warning |T2| Reason: 57% HP (52/90)
 10536 | D:9      | Danger: Low HP Warning |T2| Reason: 57% HP (52/90)
 10537 | D:9      | Danger: Low HP Warning |T2| Reason: 57% HP (52/90)
 10538 | D:9      | Danger: Low HP Warning |T2| Reason: 58% HP (53/90)
 10539 | D:9      | Danger: Low HP Warning |T2| Reason: 58% HP (53/90)
 10540 | D:9      | Danger: Low HP Warning |T2| Reason: 56% HP (51/90)
 10541 | D:9      | Danger: Low HP Warning |T2| Reason: 57% HP (52/90)
 10570 | D:9      | Received a gift from Nemelex Xobeh
 10692 | D:9      | Danger: Low HP Warning |T2| Reason: 57% HP (52/90)
 10693 | D:9      | Danger: Low HP Warning |T2| Reason: 53% HP (48/90)
 10694 | D:9      | Danger: Low HP Warning |T2| Reason: 36% HP (33/90)
 10695 | D:9      | Danger: Low HP Warning |T2| Reason: 37% HP (34/90)
 10696 | D:9      | Danger: Low HP Warning |T2| Reason: 37% HP (34/90)
 10697 | D:9      | Danger: Low HP Warning |T2| Reason: 37% HP (34/90)
 10698 | D:9      | Danger: Low HP Warning |T2| Reason: 38% HP (35/90)
 10699 | D:9      | Danger: Low HP Warning |T2| Reason: 38% HP (35/90)
 10720 | D:9      | Received a gift from Nemelex Xobeh
 10730 | D:9      | Danger: Low HP Warning |T2| Reason: 51% HP (46/90)
 10731 | D:9      | Danger: Low HP Warning |T2| Reason: 51% HP (46/90)
 10739 | D:9      | Danger: Low HP Warning |T2| Reason: 54% HP (49/90)
 10740 | D:9      | Danger: Low HP Warning |T2| Reason: 54% HP (49/90)
 10741 | D:9      | Danger: Low HP Warning |T2| Reason: 55% HP (50/90)
 10742 | D:9      | Danger: Low HP Warning |T2| Reason: 55% HP (50/90)
 10743 | D:9      | Danger: Low HP Warning |T2| Reason: 55% HP (50/90)
 10744 | D:9      | Reached skill level 10 in Fighting
 10748 | D:9      | Danger: Low HP Warning |T2| Reason: 57% HP (52/90)
 10787 | D:9      | Danger: Low HP Warning |T2| Reason: 53% HP (48/90)
 10788 | D:9      | Danger: Low HP Warning |T2| Reason: 53% HP (48/90)
 10789 | D:9      | Danger: Low HP Warning |T2| Reason: 54% HP (49/90)
 10790 | D:9      | Danger: Low HP Warning |T2| Reason: 47% HP (43/90)
 10791 | D:9      | Danger: Low HP Warning |T2| Reason: 47% HP (43/90)
 10792 | D:9      | Danger: Low HP Warning |T2| Reason: 37% HP (34/90)
 10793 | D:9      | Danger: Low HP Warning |T2| Reason: 38% HP (35/90)
 10794 | D:9      | Danger: Low HP Warning |T2| Reason: 38% HP (35/90)
 10795 | D:9      | Danger: Low HP Warning |T2| Reason: 35% HP (32/90)
 10827 | D:9      | Found a flagged portal.
 10828 | D:9      | Danger: goblin |T2| Reason: Quivering boomerangs, careful!
 10828 | D:9      | Danger: goblin |T2| Reason: Quivering boomerangs, careful!
 10828 | D:9      | Danger: orc |T2| Reason: Quivering boomerangs, careful!
 10828 | D:9      | Danger: goblin |T2| Reason: Quivering boomerangs, careful!
 10828 | D:9      | Danger: goblin |T2| Reason: Quivering boomerangs, careful!
 10828 | D:9      | Danger: Low HP Warning |T2| Reason: 48% HP (44/90)
 10830 | D:9      | Danger: Low HP Warning |T2| Reason: 48% HP (44/90)
 10831 | D:9      | Danger: Low HP Warning |T2| Reason: 50% HP (45/90)
 10832 | D:9      | Danger: Low HP Warning |T2| Reason: 50% HP (45/90)
 10833 | D:9      | Danger: Low HP Warning |T2| Reason: 50% HP (45/90)
 10834 | D:9      | Danger: Low HP Warning |T2| Reason: 50% HP (45/90)
 10835 | D:9      | Danger: Low HP Warning |T2| Reason: 51% HP (46/90)
 10836 | D:9      | Danger: Low HP Warning |T2| Reason: 51% HP (46/90)
 10837 | D:9      | Danger: Low HP Warning |T2| Reason: 51% HP (46/90)
 10838 | D:9      | Danger: Low HP Warning |T2| Reason: 52% HP (47/90)
 10858 | Bailey   | Entered a bailey
 10858 | Bailey   | Received a gift from Nemelex Xobeh
 11108 | Bailey   | Reached ***** piety under Nemelex Xobeh
 11108 | Bailey   | Noticed an orc warlord
 11121 | Bailey   | Killed an orc warlord
 11134 | Bailey   | Identified the staff of poison "Qeusopy" {rPois Str+4
                  | Int+6}
 11156 | Bailey   | Identified the +6 falchion of Siequr {heavy, *Noise rC++
                  | rN++}
 11232 | Bailey   | Reached XP level 12. HP: 97/97 MP: 17/17
 11275 | Bailey   | Reached skill level 1 in Armour
 11760 | D:9      | Danger: Low HP Warning |T2| Reason: 59% HP (58/97)
 11761 | D:9      | Danger: Low HP Warning |T2| Reason: 59% HP (58/97)
 11762 | D:9      | Danger: Low HP Warning |T2| Reason: 60% HP (59/97)
 11763 | D:9      | Danger: Low HP Warning |T2| Reason: 60% HP (59/97)
 11764 | D:9      | Danger: Low HP Warning |T2| Reason: 60% HP (59/97)
 11768 | D:9      | Danger: Low HP Warning |T2| Reason: 49% HP (48/97)
 11769 | D:9      | Danger: Low HP Warning |T2| Reason: 43% HP (42/97)
 11770 | D:9      | Danger: Low HP Warning |T2| Reason: 43% HP (42/97)
 11771 | D:9      | Danger: Low HP Warning |T2| Reason: 43% HP (42/97)
 11941 | D:9      | Danger: Low HP Warning |T2| Reason: 55% HP (54/97)
 11942 | D:9      | Danger: Low HP Warning |T2| Reason: 55% HP (54/97)
 11943 | D:9      | Danger: Low HP Warning |T2| Reason: 46% HP (45/97)
 11944 | D:9      | Danger: Low HP Warning |T2| Reason: 47% HP (46/97)
 11945 | D:9      | Danger: Low HP Warning |T2| Reason: 47% HP (46/97)
 11946 | D:9      | Danger: Low HP Warning |T2| Reason: 46% HP (45/97)
 11947 | D:9      | Danger: Low HP Warning |T2| Reason: 46% HP (45/97)
 11948 | D:9      | Danger: Low HP Warning |T2| Reason: 47% HP (46/97)
 11949 | D:9      | Reached skill level 1 in Long Blades
 12226 | D:9      | Reached skill level 2 in Long Blades
 12295 | D:9      | Danger: Low HP Warning |T2| Reason: 59% HP (58/97)
 12296 | D:9      | Danger: Low HP Warning |T2| Reason: 56% HP (55/97)
 12297 | D:9      | Danger: Low HP Warning |T2| Reason: 56% HP (55/97)
 12493 | D:10     | Entered Level 10 of the Dungeon
 12647 | D:10     | Noticed Erolcha
 12648 | D:10     | Danger: Erolcha |T3| Reason: Banishment and low Will
 12648 | D:10     | Danger: Erolcha |T3| Reason: Wand of Paralysis and low Will
 12648 | D:10     | Danger: Erolcha |T2| Reason: Unique monster, careful!
 12648 | D:10     | Danger: Erolcha |T2| Reason: Fireball and not rF+, careful
 12648 | D:10     | Danger: Erolcha |T2| Reason: carrying a wand of paralysis
                  | (3), careful!
 12649 | D:10     | Danger: Erolcha |T3| Reason: Banishment and low Will
 12649 | D:10     | Danger: Erolcha |T3| Reason: Wand of Paralysis and low Will
 12653 | D:10     | Danger: Erolcha |T3| Reason: Banishment and low Will
 12653 | D:10     | Danger: Erolcha |T3| Reason: Wand of Paralysis and low Will
 12653 | D:10     | Danger: Erolcha |T2| Reason: Unique monster, careful!
 12653 | D:10     | Danger: Erolcha |T2| Reason: Fireball and not rF+, careful
 12653 | D:10     | Danger: Erolcha |T2| Reason: carrying a wand of paralysis
                  | (3), careful!
 12654 | D:10     | Danger: Erolcha |T3| Reason: Banishment and low Will
 12654 | D:10     | Danger: Erolcha |T3| Reason: Wand of Paralysis and low Will
 12655 | D:10     | Danger: Erolcha |T3| Reason: Banishment and low Will
 12655 | D:10     | Danger: Erolcha |T3| Reason: Wand of Paralysis and low Will
 12656 | D:10     | Danger: Erolcha |T3| Reason: Banishment and low Will
 12656 | D:10     | Danger: Erolcha |T3| Reason: Wand of Paralysis and low Will
 12657 | D:10     | Danger: Erolcha |T3| Reason: Banishment and low Will
 12657 | D:10     | Danger: Erolcha |T3| Reason: Wand of Paralysis and low Will
 12658 | D:10     | Danger: Erolcha |T3| Reason: Banishment and low Will
 12658 | D:10     | Danger: Erolcha |T3| Reason: Wand of Paralysis and low Will
 12659 | D:10     | Danger: Erolcha |T3| Reason: Banishment and low Will
 12659 | D:10     | Danger: Erolcha |T3| Reason: Wand of Paralysis and low Will
 12659 | D:10     | Killed Erolcha
 12660 | D:10     | Reached skill level 3 in Long Blades
 12773 | D:10     | Received a gift from Nemelex Xobeh
 12782 | D:10     | Danger: orc |T2| Reason: Quivering boomerangs, careful!
 12924 | D:10     | Reached skill level 4 in Long Blades
 13031 | D:10     | Noticed Urug
 13032 | D:10     | Danger: Urug |T2| Reason: Quivering javelins, watch out!
 13032 | D:10     | Danger: Urug |T2| Reason: Unique monster, careful!
 13034 | D:10     | Danger: Urug |T2| Reason: Quivering javelins, watch out!
 13034 | D:10     | Danger: Urug |T2| Reason: Unique monster, careful!
 13044 | D:9      | Reached XP level 13. HP: 95/103 MP: 18/18
 13113 | D:10     | Found a glowing silver altar of Zin.
 13136 | D:10     | Danger: Urug |T2| Reason: Quivering javelins, watch out!
 13136 | D:10     | Danger: Urug |T2| Reason: Unique monster, careful!
 13143 | D:10     | Killed Urug
 13144 | D:10     | Reached skill level 5 in Long Blades
 13275 | D:10     | Received a gift from Nemelex Xobeh
 13658 | D:10     | Reached skill level 6 in Long Blades
 14056 | D:11     | Received a gift from Nemelex Xobeh
 14162 | D:11     | Danger: Low HP Warning |T2| Reason: 60% HP (62/103)
 14351 | D:11     | Reached skill level 7 in Long Blades
 14651 | D:11     | Received a gift from Nemelex Xobeh
 14970 | D:11     | Danger: cyclops |T2| Reason: Quivering large rocks, watch
                  | out!!
 14976 | D:11     | Danger: Low HP Warning |T2| Reason: 35% HP (37/103)
 14977 | D:11     | Danger: Low HP Warning |T2| Reason: 36% HP (38/103)
 14978 | D:11     | Reached skill level 8 in Long Blades
 15491 | Lair:1   | Entered Level 1 of the Lair of Beasts
 15491 | Lair:1   | Received a gift from Nemelex Xobeh
 15543 | Lair:1   | Reached skill level 9 in Long Blades
 15544 | Lair:1   | Danger: Low HP Warning |T2| Reason: 51% HP (53/103)
 15545 | Lair:1   | Danger: Low HP Warning |T2| Reason: 40% HP (42/103)
 15546 | Lair:1   | Danger: Low HP Warning |T2| Reason: 34% HP (36/103)
 15547 | Lair:1   | Danger: Low HP Warning |T2| Reason: 41% HP (43/103)
 15548 | Lair:1   | Danger: Low HP Warning |T2| Reason: 42% HP (44/103)
 15549 | Lair:1   | Danger: Low HP Warning |T2| Reason: 42% HP (44/103)
 15550 | Lair:1   | Danger: Low HP Warning |T2| Reason: 43% HP (45/103)
 15551 | Lair:1   | Danger: Low HP Warning |T2| Reason: 42% HP (44/103)
 15552 | Lair:1   | Danger: Low HP Warning |T2| Reason: 41% HP (43/103)
 15553 | Lair:1   | Danger: Low HP Warning |T2| Reason: 39% HP (41/103)
 15554 | Lair:1   | Danger: Low HP Warning |T2| Reason: 39% HP (41/103)
 15557 | Lair:1   | Danger: Low HP Warning |T2| Reason: 37% HP (39/103)
 15558 | Lair:1   | Danger: Low HP Warning |T2| Reason: 37% HP (39/103)
 15559 | Lair:1   | Danger: Low HP Warning |T2| Reason: 38% HP (40/103)
 15560 | Lair:1   | Danger: Low HP Warning |T2| Reason: 38% HP (40/103)
 15561 | Lair:1   | Danger: Low HP Warning |T2| Reason: 36% HP (38/103)
 15562 | Lair:1   | Danger: Low HP Warning |T2| Reason: 37% HP (39/103)
 15563 | Lair:1   | Danger: Low HP Warning |T2| Reason: 33% HP (35/103)
 15564 | Lair:1   | Danger: Low HP Warning |T2| Reason: 32% HP (33/103)
 15565 | Lair:1   | Danger: Low HP Warning |T2| Reason: 32% HP (33/103)
 15566 | Lair:1   | Danger: Low HP Warning |T2| Reason: 32% HP (33/103)
 15567 | Lair:1   | Danger: Low HP Warning |T2| Reason: 33% HP (34/103)
 15568 | Lair:1   | Danger: Low HP Warning |T2| Reason: 33% HP (34/103)
 15569 | Lair:1   | Danger: Low HP Warning |T2| Reason: 33% HP (35/103)
 15570 | Lair:1   | Danger: Low HP Warning |T2| Reason: 33% HP (35/103)
 15577 | Lair:1   | Danger: Low HP Warning |T2| Reason: 36% HP (38/103)
 15578 | Lair:1   | Danger: Low HP Warning |T2| Reason: 36% HP (38/103)
 15579 | Lair:1   | Danger: Low HP Warning |T2| Reason: 36% HP (38/103)
 15590 | Lair:1   | Danger: Low HP Warning |T2| Reason: 40% HP (42/103)
 15591 | Lair:1   | Danger: Low HP Warning |T2| Reason: 41% HP (43/103)
 15592 | Lair:1   | Danger: Low HP Warning |T2| Reason: 41% HP (43/103)
 15593 | Lair:1   | Danger: Low HP Warning |T2| Reason: 41% HP (43/103)
 15594 | Lair:1   | Danger: Low HP Warning |T2| Reason: 42% HP (44/103)
 15595 | Lair:1   | Danger: Low HP Warning |T2| Reason: 35% HP (37/103)
 15596 | Lair:1   | Danger: Low HP Warning |T2| Reason: 33% HP (34/103)
 15597 | Lair:1   | Danger: Low HP Warning |T2| Reason: 31% HP (32/103)
 15598 | Lair:1   | Danger: Low HP Warning |T2| Reason: 30% HP (31/103)
 15599 | Lair:1   | Danger: Low HP Warning |T2| Reason: 28% HP (29/103)
 15600 | Lair:1   | Danger: Low HP Warning |T2| Reason: 27% HP (28/103)
 15601 | Lair:1   | Danger: Low HP Warning |T2| Reason: 27% HP (28/103)
 15602 | Lair:1   | Danger: Low HP Warning |T2| Reason: 26% HP (27/103)
 15603 | Lair:1   | Danger: Low HP Warning |T2| Reason: 26% HP (27/103)
 15645 | Lair:1   | Danger: Low HP Warning |T2| Reason: 40% HP (42/103)
 15646 | Lair:1   | Danger: Low HP Warning |T2| Reason: 41% HP (43/103)
 15647 | Lair:1   | Danger: Low HP Warning |T2| Reason: 41% HP (43/103)
 15648 | Lair:1   | Danger: Low HP Warning |T2| Reason: 41% HP (43/103)
 15649 | Lair:1   | Danger: Low HP Warning |T2| Reason: 42% HP (44/103)
 15650 | Lair:1   | Danger: Low HP Warning |T2| Reason: 42% HP (44/103)
 15651 | Lair:1   | Danger: Low HP Warning |T2| Reason: 42% HP (44/103)
 15652 | Lair:1   | Danger: Low HP Warning |T2| Reason: 43% HP (45/103)
 15653 | Lair:1   | Danger: Low HP Warning |T2| Reason: 35% HP (37/103)
 15654 | Lair:1   | Danger: Low HP Warning |T2| Reason: 36% HP (38/103)
 15655 | Lair:1   | Danger: Low HP Warning |T2| Reason: 36% HP (38/103)
 16109 | Lair:1   | Received a gift from Nemelex Xobeh
 16209 | Lair:1   | Reached ****** piety under Nemelex Xobeh
 16769 | Lair:2   | Found a frozen archway.
 16803 | IceCv    | Entered an ice cave
 16875 | IceCv    | Received a gift from Nemelex Xobeh
 16884 | IceCv    | Identified the ring "Puunguf" {Ice Dex+3 SInv}
 17052 | IceCv    | Danger: Low HP Warning |T2| Reason: 58% HP (60/103)
 17053 | IceCv    | Danger: Low HP Warning |T2| Reason: 59% HP (61/103)
 17054 | IceCv    | Danger: Low HP Warning |T2| Reason: 59% HP (61/103)
 17055 | IceCv    | Danger: Low HP Warning |T2| Reason: 59% HP (61/103)
 17056 | IceCv    | Danger: Low HP Warning |T2| Reason: 60% HP (62/103)
 17057 | IceCv    | Danger: Low HP Warning |T2| Reason: 60% HP (62/103)
 17383 | IceCv    | Noticed an ice dragon
 17384 | IceCv    | Danger: ice dragon |T2| Reason: Cold Breath deals more than
                  | 50% MHP!
 17411 | IceCv    | Danger: ice dragon |T2| Reason: Cold Breath deals more than
                  | 50% MHP!
 17417 | IceCv    | Killed an ice dragon
 17433 | IceCv    | Reached skill level 10 in Invocations
 17683 | Lair:2   | Noticed a seven-headed hydra
 17684 | Lair:2   | Danger: seven-headed hydra |T2| Reason: OOD monster,
                  | careful!
 17693 | Lair:2   | Danger: Low HP Warning |T2| Reason: 50% HP (52/103)
 17694 | Lair:2   | Danger: Low HP Warning |T2| Reason: 50% HP (52/103)
 17695 | Lair:2   | Danger: Low HP Warning |T2| Reason: 33% HP (35/103)
 17696 | Lair:2   | Danger: Low HP Warning |T2| Reason: 28% HP (29/103)
 17696 | Lair:2   | Killed a seven-headed hydra
 17923 | Lair:2   | Found a staircase to the Snake Pit.
 17932 | Lair:2   | Reached XP level 14. HP: 101/110 MP: 21/21
 17965 | Lair:2   | Received a gift from Nemelex Xobeh
 17973 | Lair:2   | Danger: Low HP Warning |T2| Reason: 55% HP (61/110)
 17974 | Lair:2   | Danger: Low HP Warning |T2| Reason: 56% HP (62/110)
 17975 | Lair:2   | Danger: Low HP Warning |T2| Reason: 56% HP (62/110)
 17976 | Lair:2   | Danger: Low HP Warning |T2| Reason: 57% HP (63/110)
 17977 | Lair:2   | Danger: Low HP Warning |T2| Reason: 57% HP (63/110)
 17978 | Lair:2   | Danger: Low HP Warning |T2| Reason: 48% HP (53/110)
 17979 | Lair:2   | Danger: Low HP Warning |T2| Reason: 48% HP (53/110)
 17980 | Lair:2   | Danger: Low HP Warning |T2| Reason: 49% HP (54/110)
 17981 | Lair:2   | Danger: Low HP Warning |T2| Reason: 49% HP (54/110)
 17982 | Lair:2   | Danger: Low HP Warning |T2| Reason: 49% HP (54/110)
 17983 | Lair:2   | Danger: Low HP Warning |T2| Reason: 50% HP (55/110)
 17984 | Lair:2   | Danger: Low HP Warning |T2| Reason: 50% HP (55/110)
 17985 | Lair:2   | Danger: Low HP Warning |T2| Reason: 50% HP (55/110)
 17986 | Lair:2   | Danger: Low HP Warning |T2| Reason: 47% HP (52/110)
 17987 | Lair:2   | Danger: Low HP Warning |T2| Reason: 47% HP (52/110)
 17988 | Lair:2   | Danger: Low HP Warning |T2| Reason: 48% HP (53/110)
 17989 | Lair:2   | Danger: Low HP Warning |T2| Reason: 42% HP (47/110)
 17990 | Lair:2   | Danger: Low HP Warning |T2| Reason: 43% HP (48/110)
 17991 | Lair:2   | Danger: Low HP Warning |T2| Reason: 43% HP (48/110)
 17992 | Lair:2   | Danger: Low HP Warning |T2| Reason: 42% HP (47/110)
 17993 | Lair:2   | Danger: Low HP Warning |T2| Reason: 42% HP (47/110)
 17994 | Lair:2   | Danger: Low HP Warning |T2| Reason: 30% HP (34/110)
 17995 | Lair:2   | Danger: Low HP Warning |T2| Reason: 27% HP (30/110)
 17996 | Lair:2   | Danger: Low HP Warning |T3| Reason: 21% HP (24/110)
 17997 | Lair:2   | Danger: Low HP Warning |T3| Reason: 22% HP (25/110)
 17998 | Lair:2   | Danger: Low HP Warning |T3| Reason: 19% HP (21/110)
 17999 | Lair:2   | Danger: Low HP Warning |T3| Reason: 20% HP (22/110)
 18000 | Lair:2   | Danger: Low HP Warning |T2| Reason: 27% HP (30/110)
 18332 | Lair:2   | Received a gift from Nemelex Xobeh
 18392 | Lair:2   | Danger: basilisk |T3| Reason: Petrify and low Will
 18393 | Lair:2   | Danger: basilisk |T3| Reason: Petrify and low Will
 18394 | Lair:2   | Danger: basilisk |T3| Reason: Petrify and low Will
 18395 | Lair:2   | Danger: basilisk |T3| Reason: Petrify and low Will
 18396 | Lair:2   | Danger: basilisk |T3| Reason: Petrify and low Will
 18397 | Lair:2   | Danger: basilisk |T3| Reason: Petrify and low Will
 18398 | Lair:2   | Danger: basilisk |T3| Reason: Petrify and low Will
 18399 | Lair:2   | Danger: basilisk |T3| Reason: Petrify and low Will
 18400 | Lair:2   | Danger: basilisk |T3| Reason: Petrify and low Will
 18401 | Lair:2   | Danger: basilisk |T3| Reason: Petrify and low Will
 18402 | Lair:2   | Danger: basilisk |T3| Reason: Petrify and low Will
 18403 | Lair:2   | Danger: basilisk |T3| Reason: Petrify and low Will
 18411 | Lair:2   | Danger: Low HP Warning |T2| Reason: 56% HP (62/110)
 18412 | Lair:2   | Danger: Low HP Warning |T2| Reason: 50% HP (55/110)
 18413 | Lair:2   | Danger: Low HP Warning |T2| Reason: 50% HP (55/110)
 18414 | Lair:2   | Danger: Low HP Warning |T2| Reason: 50% HP (56/110)
 18415 | Lair:2   | Danger: Low HP Warning |T2| Reason: 50% HP (56/110)
 18417 | Lair:2   | Danger: Low HP Warning |T2| Reason: 47% HP (52/110)
 18418 | Lair:2   | Danger: Low HP Warning |T2| Reason: 46% HP (51/110)
 18420 | Lair:2   | Danger: Low HP Warning |T2| Reason: 44% HP (49/110)
 18421 | Lair:2   | Danger: Low HP Warning |T2| Reason: 45% HP (50/110)
 18423 | Lair:2   | Danger: Low HP Warning |T2| Reason: 28% HP (31/110)
 18424 | Lair:2   | Danger: Low HP Warning |T3| Reason: 22% HP (25/110)
 18425 | Lair:2   | Danger: Low HP Warning |T3| Reason: 19% HP (21/110)
 18426 | Lair:2   | Danger: Low HP Warning |T3| Reason: 16% HP (18/110)
 18427 | Lair:2   | Danger: Low HP Warning |T3| Reason: 16% HP (18/110)
 18428 | Lair:2   | Danger: Low HP Warning |T2| Reason: 30% HP (33/110)
 18432 | Lair:2   | Danger: Low HP Warning |T2| Reason: 28% HP (31/110)
 18434 | Lair:2   | Danger: Low HP Warning |T2| Reason: 29% HP (32/110)
 18479 | Lair:2   | Danger: Low HP Warning |T2| Reason: 44% HP (49/110)
 18480 | Lair:2   | Danger: Low HP Warning |T2| Reason: 44% HP (49/110)
 18481 | Lair:2   | Danger: Low HP Warning |T2| Reason: 45% HP (50/110)
 18966 | Lair:3   | Found a staircase to the Swamp.
 19006 | Lair:3   | Danger: Low HP Warning |T2| Reason: 55% HP (61/110)
 19007 | Lair:3   | Danger: Low HP Warning |T2| Reason: 55% HP (61/110)
 19008 | Lair:3   | Danger: Low HP Warning |T2| Reason: 52% HP (58/110)
 19009 | Lair:3   | Danger: Low HP Warning |T2| Reason: 52% HP (58/110)
 19010 | Lair:3   | Danger: Low HP Warning |T2| Reason: 52% HP (58/110)
 19011 | Lair:3   | Danger: Low HP Warning |T2| Reason: 53% HP (59/110)
 19012 | Lair:3   | Danger: Low HP Warning |T2| Reason: 53% HP (59/110)
 19013 | Lair:3   | Danger: Low HP Warning |T2| Reason: 53% HP (59/110)
 19014 | Lair:3   | Danger: Low HP Warning |T2| Reason: 54% HP (60/110)
 19015 | Lair:3   | Danger: Low HP Warning |T2| Reason: 50% HP (56/110)
 19016 | Lair:3   | Danger: Low HP Warning |T2| Reason: 51% HP (57/110)
 19017 | Lair:3   | Danger: Low HP Warning |T2| Reason: 51% HP (57/110)
 19018 | Lair:3   | Danger: Low HP Warning |T2| Reason: 52% HP (58/110)
 19019 | Lair:3   | Danger: Low HP Warning |T2| Reason: 52% HP (58/110)
 19020 | Lair:3   | Danger: Low HP Warning |T2| Reason: 32% HP (36/110)
 19021 | Lair:3   | Danger: Low HP Warning |T3| Reason: 18% HP (20/110)
 19022 | Lair:3   | Danger: Low HP Warning |T3| Reason: 13% HP (15/110)
 19023 | Lair:3   | Danger: Low HP Warning |T3| Reason: 14% HP (16/110)
 19024 | Lair:3   | Danger: Low HP Warning |T3| Reason: 14% HP (16/110)
 19502 | Lair:3   | Danger: Low HP Warning |T2| Reason: 52% HP (58/110)
 19503 | Lair:3   | Danger: Low HP Warning |T2| Reason: 54% HP (60/110)
 19504 | Lair:3   | Danger: Low HP Warning |T2| Reason: 42% HP (47/110)
 19505 | Lair:3   | Danger: Low HP Warning |T2| Reason: 42% HP (47/110)
 19506 | Lair:3   | Danger: Low HP Warning |T2| Reason: 37% HP (41/110)
 19507 | Lair:3   | Danger: Low HP Warning |T2| Reason: 37% HP (41/110)
 19508 | Lair:3   | Danger: Low HP Warning |T2| Reason: 38% HP (42/110)
 19509 | Lair:3   | Reached skill level 10 in Long Blades
 19509 | Lair:3   | Danger: Low HP Warning |T2| Reason: 38% HP (42/110)
 19883 | Lair:3   | Noticed Sonja
 19884 | Lair:3   | Danger: Sonja |T3| Reason: Distortion weapon!
 19884 | Lair:3   | Danger: Sonja |T2| Reason: Unique monster, careful!
 19885 | Lair:3   | Danger: Sonja |T3| Reason: Distortion weapon!
 19885 | Lair:3   | Killed Sonja
 19976 | Lair:3   | Received a gift from Nemelex Xobeh
 20226 | Lair:3   | Received a gift from Nemelex Xobeh
 20414 | Lair:4   | Danger: boulder beetle |T2| Reason: OOD monster, careful!
 20425 | Lair:4   | Reached skill level 11 in Long Blades
 20426 | Lair:4   | Danger: boulder beetle |T2| Reason: OOD monster, careful!
 20432 | Lair:4   | Noticed Kirke
 20432 | Lair:4   | Danger: Kirke |T2| Reason: Porkalator and low Will, careful
 20432 | Lair:4   | Danger: Kirke |T2| Reason: Slow and low Will, careful
 20432 | Lair:4   | Danger: Kirke |T2| Reason: Unique monster, careful!
 20436 | Lair:4   | Danger: Kirke |T2| Reason: Porkalator and low Will, careful
 20436 | Lair:4   | Danger: Kirke |T2| Reason: Slow and low Will, careful
 20436 | Lair:4   | Danger: Kirke |T2| Reason: Unique monster, careful!
 20440 | Lair:4   | Danger: Kirke |T2| Reason: Porkalator and low Will, careful
 20440 | Lair:4   | Danger: Kirke |T2| Reason: Slow and low Will, careful
 20440 | Lair:4   | Danger: Kirke |T2| Reason: Unique monster, careful!
 20441 | Lair:4   | a boulder beetle changed into a bunyip
 20441 | Lair:4   | Noticed a bunyip
 20441 | Lair:4   | Kirke changed into Kirke the shadow dragon
 20441 | Lair:4   | Noticed Kirke
 20442 | Lair:4   | Danger: Kirke the shadow dragon |T2| Reason: Bolt of
                  | Draining deals more than 50% MHP!
 20450 | Lair:4   | Killed a bunyip
 20450 | Lair:4   | Killed Kirke the shadow dragon
 20529 | Lair:4   | Received a gift from Nemelex Xobeh
 20692 | Lair:4   | Reached skill level 12 in Long Blades
 20778 | Lair:5   | Entered Level 5 of the Lair of Beasts
 20825 | Lair:5   | Found a gate leading to a gauntlet.
 20866 | Gauntlet | Entered a Gauntlet
 20866 | Gauntlet | Found a transporter.
 20866 | Gauntlet | Found a transporter.
 20867 | Gauntlet | Found a transporter.
 20867 | Gauntlet | Found a transporter.
 20929 | Gauntlet | Found a transporter.
 20941 | Gauntlet | Received a gift from Nemelex Xobeh
 20943 | Gauntlet | Found a transporter.
 20943 | Gauntlet | Found a transporter.
 20949 | Gauntlet | Noticed a dire elephant
 20953 | Gauntlet | Found a transporter.
 20958 | Gauntlet | Found a transporter.
 20979 | Gauntlet | Found a transporter.
 20981 | Gauntlet | Found a transporter.
 20991 | Gauntlet | Found a transporter.
 21323 | Gauntlet | Reached skill level 13 in Long Blades
 21406 | Gauntlet | Identified the amulet "Cein" {Reflect Dex+5 SH+5}
 21492 | Gauntlet | Noticed a minotaur
 21493 | Gauntlet | Danger: minotaur |T2| Reason: Quivering javelins, watch
                  | out!
 21496 | Gauntlet | Danger: minotaur |T2| Reason: Quivering javelins, watch
                  | out!
 21502 | Gauntlet | Danger: minotaur |T2| Reason: Quivering javelins, watch
                  | out!
 21505 | Gauntlet | Killed a minotaur
 21634 | Gauntlet | Identified the staff of earth "Gokis" {rF+}
 21649 | Gauntlet | Upgraded the game from 0.31-a0-4-gefa6de2278 to
                  | 0.31-a0-214-gb37851dbb3
 21649 | Gauntlet | Quit the game

Illustrated notes

Levels and vault maps discovered:
D:1:      amcnicky_arrival_gap_in_the_tavern_cellar, layout_basic, serial_shops,
          shop, nicolae_shop_gaudy_bauble, nicolae_shop_hallway_stairs,
          serial_forest, infiniplex_forest_straight_4,
          infiniplex_forest_straight_3, infiniplex_forest_lined_corner,
          infiniplex_forest_lined_2, infiniplex_forest_end_2,
          roderic_roman_lattice, palyth_stone_intersect
D:2:      layout_loops_cross, basic_altar
D:3:      layout_rooms, grunt_gozag_breadcrumbs
D:4:      layout_rooms, nemelex_xobeh_ov_fountains_minmay, tso_altar
D:5:      kennysheep_big_flooded_room, layout_basic,
          yredelemnul_forgotten_temple_becter, minmay_temple_entry_antechambers,
          serial_shops, nicolae_shop_back_alley_shop, uniq_blork_the_orc,
          uniq_duvessa
D:6:      layout_gridville, cheibrodos_sewer_entry_bend
D:7:      layout_loops_cross, eat_drink_and_be_merry_uskayaw,
          nicolae_overflow_hidden_temple, serial_aquarium,
          aquarium_bridge_square [aquarium_subvault_balcony,
          aquarium_subvault_bridge, aquarium_subvault_bridge,
          aquarium_subvault_wall], aquarium_bridge_square
          [aquarium_subvault_balcony, aquarium_subvault_wall,
          aquarium_subvault_wall, aquarium_subvault_bridge],
          aquarium_window_fake, aquarium_window_1, aquarium_view_2d,
          aquarium_balcony_1b, aquarium_pool_S,
          nicolae_concentric_dashed_squares_wild, grunt_ministairs_14
D:8:      layout_loops_ring, david_lair_generic, uniq_grum
D:9:      layout_basic, enter_bailey_4
D:10:     minmay_flawed_box, layout_basic, mainiacjoe_overflow_brackets,
          uniq_urug, uniq_erolcha
D:11:     layout_loops_corners
Lair:1:   layout_cave_pods, special_room [special_room_bee], grunt_megastairs_4,
          infiniplex_staircase_pool
Lair:2:   layout_loops_ring, guppyfry_snake_entry_island,
          portal_ice_cave_entry_pillars_2, nicolae_quartered_pool_super
Lair:3:   layout_chaotic_city, swamp_mist, uniq_sonja
Lair:4:   layout_big_grid, lemuel_fruit_fields, uniq_kirke
Lair:5:   grunt_lair_end_beastmaster, layout_gridlike,
          minmay_slime_entry_oklob_enclosed, gauntlet_entry_generic,
          grunt_megastairs_1
Gauntlet: gammafunk_gauntlet_hard_choice [gammafunk_gauntlet_arena_hedges,
          nicolae_gauntlet_arena_blocks, nicolae_gauntlet_arena_x,
          gammafunk_gauntlet_arena_arrow_garden,
          gammafunk_gauntlet_arena_split_x, gammafunk_gauntlet_arena_mazey,
          gauntlet_exit_hidden_loot]

Skill      XL: |  1  2  3  4  5  6  7  8  9 10 11 12 13 14 |
---------------+-------------------------------------------+-----
Fighting       | 1 2 3 4 5 8 10 | 10.0
Short Blades   | 1 2 4 |  4.0
Stealth        | 3 6 8 |  8.8
Evocations     | 3 |  3.0
Invocations    | 1 5 7 10 11 | 11.5
Dodging        | 3 7 12 | 12.4
Armour         | 2 |  2.6
Long Blades    | 4 9 13 | 13.5
Spellcasting   | |  2.0
Transmutations | |  1.0
Poison Magic   | |  3.0

Action                     |  1- 3 |  4- 6 |  7- 9 | 10-12 | 13-15 || total
---------------------------+-------+-------+-------+-------+-------++-------
  Melee: Club              |     2 |       |       |       |       ||     2
         Dagger            |     7 |    98 |   329 |   404 |    63 ||   901
         Punch             |       |       |    11 |     8 |    11 ||    30
         Falchion          |       |       |       |       |   450 ||   450
  Throw: Throwing net      |       |       |     1 |       |       ||     1
         Boomerang         |       |       |     3 |     1 |    28 ||    32
         Dart              |       |       |       |    10 |    15 ||    25
   Cast: Sting             |    42 |   113 |    34 |       |       ||   189
 Invoke: Draw Destruction  |       |       |     4 |    13 |    21 ||    38
         Draw Summoning    |       |       |     1 |     6 |    16 ||    23
  Evoke: Wand              |       |     3 |    11 |    26 |    11 ||    51
    Use: Scroll            |     5 |     2 |     5 |     4 |    10 ||    26
         Potion            |       |       |     1 |     2 |    14 ||    17
   Stab: Sleeping          |       |       |     4 |     5 |     8 ||    17
         Paralysed         |       |       |     4 |     2 |     3 ||     9
         Distracted        |       |       |     1 |     1 |     4 ||     6
 Armour: Robe              |     5 |    16 |    17 |       |       ||    38
         Troll leather arm |       |       |    67 |       |       ||    67
         Ring mail         |       |       |       |   101 |   258 ||   359
  Dodge: Dodged            |    20 |    73 |   193 |   283 |   592 ||  1161

Table legend: (Time is in decaauts)
 A = Elapsed time spent in this place.
 B = Non-inter-level travel time spent in this place.
 C = Inter-level travel time spent in this place.
 D = Time resting spent in this place.
 E = Time spent auto-exploring this place.
 F = Levels seen in this place.
 G = Mean time per level.
                   A        B        C        D        E       F      G
               +--------+--------+--------+--------+--------+-----+--------+
         Total |  21659 |  20861 |    798 |   2671 |  12163 |  20 | 1082.9 |
       Dungeon |  14616 |  13919 |    697 |   1355 |   8811 |  11 | 1328.7 |
          Lair |   4573 |   4472 |    101 |    735 |   2722 |   5 |  914.6 |
         Sewer |    245 |    245 |      0 |      0 |    141 |   1 |  245.0 |
        Bailey |    578 |    578 |      0 |    102 |    119 |   1 |  578.0 |
      Ice Cave |    865 |    865 |      0 |    267 |    178 |   1 |  865.0 |
      Gauntlet |    780 |    780 |      0 |    212 |    192 |   1 |  780.0 |
               +--------+--------+--------+--------+--------+-----+--------+

Top non-repeatable levels by time:
     D:5: 1985 daAuts
     D:8: 1614 daAuts
     D:6: 1533 daAuts
    D:11: 1479 daAuts
     D:9: 1465 daAuts
  Lair:3: 1379 daAuts
  Lair:2: 1375 daAuts
  Lair:1: 1287 daAuts
    D:10: 1266 daAuts
     D:2: 1234 daAuts
     D:3: 1196 daAuts
     D:7: 1086 daAuts
     D:1: 1018 daAuts
   IceCv: 865 daAuts
Gauntlet: 780 daAuts
